AoeStats
← my_time_my_map

Nomad

510391674Analyzed
2v2 RM · 18h ago on Sep 30, 2026· 42m 16s· 4 players
Game mode
Random Map
Map size
176×176
Population
200
Speed
Normal
Resources
Standard
Victory
Conquest
Starting age
Dark Age
Ending age
Imperial Age
RankedLock teamsTeams togetherTeam positionsShared explorationLock speedFull tech treeHidden civsTurbo modeCheats
Victory
Defeat
🇨🇿 Persians · Czechia
931
+15
🇧🇪 Malians · Belgium
881
+16
🇰🇪 Teutons · Kenya
904
-16
🇩🇪 Poles · Germany
888
-15
Zarathustra
3:29 Loom
14:47 Feudal Age
15:23 Double-Bit Axe
15:36 Fishing Lines
20:22 Castle Age
22:01 Wheelbarrow
21:39 Bow Saw
21:21 Gillnets
23:08 Light Cavalry
25:59 Husbandry
27:35 Hand Cart
27:06 Town Watch
29:56 Gold Mining
29:57 Stone Mining
29:50 Horse Collar
30:24 Medium Warships
30:31 Bloodlines
36:10 Imperial Age
35:34 Clinker Construction
35:26 Padded Archer Armor
35:16 Fletching
36:21 Gold Shaft Mining
36:22 Stone Shaft Mining
36:45 Town Patrol
38:30 Chemistry
37:38 Scale Barding Armor
37:43 Forging
38:02 Carvel Hull
37:58 Bodkin Arrow
38:26 Conscription
38:53 Masonry
39:51 Hoardings
40:00 Heavy Warships
40:52 Architecture
40:04 Treadmill Crane
40:35 Arson
40:51 Squires
40:54 Scale Mail Armor
41:45 Iron Casting
43:13 Chain Barding Armor
my_time_my_map
16:03 Feudal Age
16:45 Double-Bit Axe
18:25 Fishing Lines
22:00 Castle Age
20:55 Horse Collar
21:38 Bloodlines
22:15 Loom
26:02 Heavy Plow
27:40 Forging
28:18 Town Watch
29:44 Scale Barding Armor
30:16 Iron Casting
31:54 Wheelbarrow
34:44 Chain Barding Armor
35:27 Hand Cart
36:52 Bow Saw
40:04 Imperial Age
37:43 Gold Mining
37:43 Stone Mining
37:46 Fletching
38:54 Padded Archer Armor
38:17 Crossbowman
39:02 Thumb Ring
39:58 Bodkin Arrow
40:20 Cavalier
41:25 Kamandaran
41:58 Leather Archer Armor
42:36 Gold Shaft Mining
pizzaguy
3:35 Loom
19:13 Feudal Age
28:18 Castle Age
28:23 Light Cavalry
30:13 Wheelbarrow
29:23 Town Watch
30:25 Pikeman
37:23 Szlachta Privileges
39:36 Scale Barding Armor
39:43 Forging
40:13 Squires
40:13 Fletching
Drugnotti
14:44 Feudal Age
16:28 Wheelbarrow
16:30 Loom
16:31 Town Watch
16:41 Double-Bit Axe
19:03 Gold Mining
22:18 Castle Age
20:51 Forging
20:47 Scale Barding Armor
20:34 Horse Collar
22:18 Stone Mining
22:58 Bloodlines
24:44 Medium Warships
26:52 Iron Casting
29:03 Squires
30:01 Pikeman
34:24 Hand Cart
39:03 Imperial Age
36:55 Scale Mail Armor
37:15 Chain Barding Armor
37:25 Ballistics
40:45 Chemistry
39:52 Siege Engineers
39:18 Cavalier
40:43 Paladin
Connection lost

Rejoining the realm…

Still unreachable

The connection could not be restored.

Session expired

The server has moved on; the page needs a fresh start.